[Event "Titled Tuesday Blitz June 14 Late 2022"]
[White "Rosenberg, Evan S"]
[Black "Kostiukov, Alexandr"]
[WhiteFideId "2019299"]
[BlackFideId "14108100"]
[WhiteElo "2284"]
[BlackElo "2202"]
[Result "1/2-1/2"]
[Round "06"]
[TimeControl "180+1"]
[Date "2022.06.15"]
[WhiteClock "0:00:01"]
[BlackClock "0:00:05"]

1. e4 c5 2. Nc3 g6 3. f4 Bg7 4. Nf3 Nc6 5. a4 e6 6. e5 d6 7. Bb5 Ne7 8. Ne4 dxe5 9. fxe5 O-O 10. Nf6+ Kh8 11. d4 cxd4 12. O-O Nf5 13. Bxc6 bxc6 14. Bg5 Qb6 15. a5 Qxb2 16. Qd3 c5 17. Rfb1 Qc3 18. Qxc3 dxc3 19. a6 Nd4 20. Ra2 h6 21. Be3 Rd8 22. Ne4 Nxf3+ 23. gxf3 Bxe5 24. Nxc5 Bd4 25. Bxd4+ Rxd4 26. Ne4 Bd7 27. Rb7 Bc6 28. Rxf7 Bxe4 29. fxe4 Rxe4 30. Ra3 Rg4+ 31. Kf2 Kg8 32. Rf3 Rc4 33. Raxc3 Rac8 34. Rxc4 Rxc4 35. c3 Rc6 36. Rd3 Rxa6 37. Rd7 Rc6 38. Rxa7 Rxc3 39. Kg2 Rc5 40. Kg3 Rg5+ 41. Kf3 Rf5+ 42. Kg3 Rf7 43. Ra6 Re7 44. Kf4 Kf7 45. Ke5 Rd7 46. Rxe6 Re7 47. Rxe7+ Kxe7 48. h4 Kf7 49. h5 g5 50. Kf5 Ke7 51. Ke5 Kf8 52. Ke4 Ke7 53. Ke5 Kf7 54. Kf5 Kg7 55. Ke5 Kf8 56. Ke4 Ke7 57. Ke5 1/2-1/2


[Site "https://www.chess.com"]

[Event "Titled Tuesday Blitz June 14 Late 2022"]
[White "Sadhwani, Raunak"]
[Black "Seo, Jung Min"]
[WhiteFideId "35093487"]
[BlackFideId "1734687"]
[WhiteElo "2616"]
[BlackElo "2414"]
[Result "1-0"]
[Round "06"]
[TimeControl "180+1"]
[Date "2022.06.14"]
[WhiteClock "0:01:39"]
[BlackClock "0:02:09"]

1. d4 Nf6 2. Nf3 e6 3. Bf4 b6 4. e3 Be7 5. h3 O-O 6. Nbd2 Re8 7. Bh2 Bf8 8. Be2 Ba6 9. c4 c5 10. O-O cxd4 11. Nxd4 Nc6 12. Nb5 d6 13. a4 Bb7 14. Nf3 Ne4 15. Bd3 Nb4 16. Bxe4 Bxe4 17. Bxd6 Bd3 18. Bxb4 1-0


[Site "https://www.chess.com"]

[Event "Titled Tuesday Blitz June 14 Late 2022"]
[White "Salem, A.R. Saleh"]
[Black "Shirov, Alexei"]
[WhiteFideId "9301348"]
[BlackFideId "2209390"]
[WhiteElo "2679"]
[BlackElo "2678"]
[Result "1-0"]
[Round "06"]
[TimeControl "180+1"]
[Date "2022.06.14"]
[WhiteClock "0:00:18"]
[BlackClock "0:00:18"]

1. d4 d5 2. c4 c6 3. Nc3 Nf6 4. Nf3 e6 5. Bg5 dxc4 6. e4 b5 7. e5 h6 8. Bh4 g5 9. Bg3 Nd5 10. Nd2 Qa5 11. Qc2 c5 12. dxc5 Nc6 13. Nde4 b4 14. Nxd5 b3+ 15. Qc3 exd5 16. Nf6+ Kd8 17. Qxa5+ Nxa5 18. axb3 Nxb3 19. Rd1 Bxc5 20. Rxd5+ Ke7 21. Bxc4 Bb4+ 22. Ke2 Na5 23. Bd3 Be6 24. h4 Rab8 25. hxg5 Bxd5 26. Nxd5+ Ke6 27. Nf4+ Kd7 28. Bf5+ Ke8 29. Nd5 Be7 30. Rxh6 Rxb2+ 31. Kf3 Rg8 32. e6 Bxg5 33. Rh7 fxe6 34. Nc7+ Kd8 35. Nxe6+ Ke8 36. Nc7+ Kd8 37. Rd7+ Kc8 38. Rd2+ 1-0


[Site "https://www.chess.com"]

[Event "Titled Tuesday Blitz June 14 Late 2022"]
[White "Sargsyan, Anna M."]
[Black "Kovanova, Baira"]
[WhiteFideId "13308130"]
[BlackFideId "4164083"]
[WhiteElo "2271"]
[BlackElo "2190"]
[Result "1/2-1/2"]
[Round "06"]
[TimeControl "180+1"]
[Date "2022.06.15"]
[WhiteClock "0:00:06"]
[BlackClock "0:00:20"]

1. d4 Nf6 2. c4 e6 3. Nf3 d5 4. Bf4 Bb4+ 5. Nc3 dxc4 6. Ne5 O-O 7. Nxc4 c5 8. dxc5 Bxc5 9. e3 Nc6 10. Be2 Nd5 11. Bg3 Nxc3 12. bxc3 b5 13. Nd6 a6 14. O-O Qb6 15. Nxc8 Raxc8 16. a4 b4 17. cxb4 Nxb4 18. a5 Qb7 19. Bf3 Qb5 20. Qb3 Rfd8 21. h3 h6 22. Be4 Be7 23. Rfd1 Rxd1+ 24. Rxd1 Qxa5 25. Rd7 Bf6 26. Rb7 Nd5 27. Rb8 Rxb8 28. Qxb8+ Qd8 29. Qa7 a5 30. Qa6 Nc3 31. Bf3 a4 32. Kh2 Be7 33. Be5 Bf6 34. Bxc3 Bxc3 35. Qxa4 Be5+ 36. g3 g6 37. Kg2 Kg7 38. h4 h5 39. Qa7 Qc7 40. Qxc7 Bxc7 41. Bb7 Kf6 42. Ba6 1/2-1/2


[Site "https://www.chess.com"]

[Event "Titled Tuesday Blitz June 14 Late 2022"]
[White "Shimanov, Aleksandr"]
[Black "Salimova, Nurgyul"]
[WhiteFideId "4198603"]
[BlackFideId "2915138"]
[WhiteElo "2605"]
[BlackElo "2184"]
[Result "1-0"]
[Round "06"]
[TimeControl "180+1"]
[Date "2022.06.14"]
[WhiteClock "0:00:09"]
[BlackClock "0:00:01"]

1. d4 Nf6 2. Nc3 d5 3. Bf4 Bf5 4. Nb5 Na6 5. e3 e6 6. a4 Be7 7. Nf3 O-O 8. c3 c6 9. Na3 Nc7 10. h3 Ne4 11. Bd3 Ne8 12. O-O Bd6 13. Bxd6 N8xd6 14. c4 Ng5 15. Bxf5 Nxf5 16. b4 Ne4 17. Qc2 Qf6 18. Nb1 Ng5 19. Nbd2 h5 20. Rab1 Nxf3+ 21. Nxf3 g5 22. Ne5 Qg7 23. Qe2 f6 24. Nd3 dxc4 25. Nc5 Qf7 26. Qxc4 Rae8 27. b5 b6 28. Ne4 cxb5 29. axb5 g4 30. Kh2 Rc8 31. Qa2 Rc7 32. Ng3 Nxg3 33. fxg3 Kg7 34. Rf2 Rfc8 35. Rbf1 f5 36. e4 h4 37. Qa3 hxg3+ 38. Qxg3 Rc3 39. Rf3 Rxf3 40. Rxf3 Qg6 41. Rf4 Rh8 42. exf5 exf5 43. Qa3 gxh3 44. Qxa7+ Kf6 45. Qxb6+ Kg5 46. Qxg6+ Kxg6 47. gxh3 Rb8 48. d5 Rxb5 49. Rd4 Rb7 50. Kg3 Kg5 51. h4+ Kf6 52. d6 Rd7 53. Kf4 Ke6 54. h5 Kf6 55. Rd5 Ke6 56. Rd1 Kf6 57. Rg1 Kf7 58. Rg6 1-0


[Site "https://www.chess.com"]

[Event "Titled Tuesday Blitz June 14 Late 2022"]
[White "Sibilio, Mario"]
[Black "Curtis, John"]
[WhiteFideId "800422"]
[BlackFideId "3200256"]
[WhiteElo "2296"]
[BlackElo "2203"]
[Result "1/2-1/2"]
[Round "06"]
[TimeControl "180+1"]
[Date "2022.06.15"]
[WhiteClock "0:00:17"]
[BlackClock "0:00:39"]

1. d4 Nf6 2. c4 e6 3. Nc3 d5 4. Bg5 Be7 5. e3 Nbd7 6. Rc1 c6 7. Nf3 O-O 8. Qc2 a6 9. cxd5 exd5 10. Bd3 Re8 11. O-O h6 12. Bh4 Ne4 13. Bxe4 Bxh4 14. Bh7+ Kh8 15. Bf5 Bf6 16. e4 dxe4 17. Nxe4 Nf8 18. Bxc8 Rxc8 19. Rfd1 Ng6 20. Ne5 Kg8 21. Nxg6 fxg6 22. Nc5 Qe7 23. Qxg6 Bxd4 24. Nd3 Qf7 25. Qg4 Rcd8 26. h4 c5 27. b3 b6 28. Rc2 Qe6 29. Qxe6+ Rxe6 30. Kf1 a5 31. a4 Re4 32. g3 Rf8 33. Re2 Rg4 34. Kg2 Rg6 35. f4 Rc6 36. Rc1 Bf6 37. Kf3 Rd8 38. Ne5 Bxe5 39. Rxe5 Kf7 40. Rc3 Rcd6 41. Ke4 Rd4+ 42. Ke3 g6 43. h5 gxh5 44. Rxh5 Re8+ 45. Kf3 Kg6 46. g4 Ree4 47. Rf5 c4 48. Rxc4 Rxc4 49. bxc4 Rxc4 50. Rb5 Rxa4 51. Rxb6+ Kg7 52. Ra6 Kh7 53. Kg3 Kg7 54. f5 h5 55. g5 Rg4+ 56. Kf3 Rxg5 57. Rxa5 Kf6 58. Kf4 Rg4+ 59. Kf3 Rg5 60. Kf4 Rg4+ 61. Kf3 Rg5 1/2-1/2


[Site "https://www.chess.com"]

[Event "Titled Tuesday Blitz June 14 Late 2022"]
[White "Sjugirov, Sanan"]
[Black "Acosta, Pablo Ismael"]
[WhiteFideId "4189302"]
[BlackFideId "124311"]
[WhiteElo "2602"]
[BlackElo "2313"]
[Result "1-0"]
[Round "06"]
[TimeControl "180+1"]
[Date "2022.06.14"]
[WhiteClock "0:00:13"]
[BlackClock "0:00:03"]

1. e4 e6 2. d4 d5 3. Nd2 c5 4. exd5 Qxd5 5. Ngf3 cxd4 6. Bc4 Qd6 7. O-O Nf6 8. Nb3 Nc6 9. Nbxd4 Nxd4 10. Nxd4 Be7 11. c3 O-O 12. Qf3 Qc7 13. Bd3 Bd7 14. Re1 Bc6 15. Nxc6 Qxc6 16. Qxc6 bxc6 17. Bf4 Rfd8 18. Ba6 Rd7 19. Rad1 Rad8 20. Rxd7 Rxd7 21. Kf1 h6 22. Ke2 g5 23. Bc1 Bc5 24. f3 Bb6 25. Rd1 Rxd1 26. Kxd1 Nd5 27. Bb7 Ne7 28. b4 f5 29. a4 a5 30. Ba3 Kf7 31. Kc2 g4 32. c4 h5 33. c5 Bc7 34. b5 cxb5 35. axb5 Bxh2 36. b6 h4 37. c6 gxf3 38. gxf3 Nd5 39. Bc5 h3 40. Ba6 Bf4 41. Bf1 h2 42. Bg2 a4 43. Kb2 1-0


[Site "https://www.chess.com"]

[Event "Titled Tuesday Blitz June 14 Late 2022"]
[White "Swicarz, Maciej"]
[Black "Prydun, Andriy"]
[WhiteFideId "1113585"]
[BlackFideId "14145898"]
[WhiteElo "2049"]
[BlackElo "2063"]
[Result "1-0"]
[Round "06"]
[TimeControl "180+1"]
[Date "2022.06.15"]
[WhiteClock "0:00:07"]
[BlackClock "0:00:03"]

1. c4 Nf6 2. Nc3 c6 3. d4 d6 4. e4 e6 5. Nge2 Be7 6. Ng3 a6 7. a4 a5 8. Be2 Nbd7 9. Be3 e5 10. Nf5 O-O 11. d5 c5 12. f3 Ne8 13. O-O Bg5 14. Bf2 g6 15. Ne3 Ng7 16. g4 f5 17. gxf5 gxf5 18. Kh1 f4 19. Nf5 Kh8 20. Nxd6 Nf6 21. Bxc5 b6 22. Ba3 Nfh5 23. Rg1 Qf6 24. Qf1 Bd7 25. Qg2 Bh6 26. Ncb5 Qh4 27. Rgf1 Rf6 28. Qf2 Ng3+ 29. Kg1 Rg6 30. Nf7+ Kg8 31. Nxh6+ Qxh6 32. hxg3 Rxg3+ 33. Qg2 Qh3 34. Rf2 Rxg2+ 35. Rxg2 Kh8 36. Nd6 Qh4 37. Nf7+ Kg8 38. Nxe5 Bh3 39. Rh2 Qg3+ 40. Kh1 h5 41. Rg1 Qh4 42. Ng6 Qf6 43. Rxh3 Qd4 44. Rh2 Kf7 45. Nxf4 Rg8 46. Nh3 h4 47. Ng5+ Ke8 48. Rxh4 Qf2 49. Rh2 Qe3 50. Ne6 Nxe6 51. Rxg8+ Kf7 52. Rg1 Nf4 53. Bd1 Nd3 54. d6 Nf2+ 55. Kg2 Nxd1 56. d7 Qe2+ 57. Kg3 Qf2+ 58. Rxf2 1-0


[Site "https://www.chess.com"]

[Event "Titled Tuesday Blitz June 14 Late 2022"]
[White "Tanenbaum, Zachary"]
[Black "Jocev, Milan"]
[WhiteFideId "2060850"]
[BlackFideId "900680"]
[WhiteElo "2175"]
[BlackElo "2322"]
[Result "1-0"]
[Round "06"]
[TimeControl "180+1"]
[Date "2022.06.14"]
[WhiteClock "0:00:05"]
[BlackClock "0:00:01"]

1. e4 c5 2. Nf3 d6 3. d4 cxd4 4. Nxd4 Nf6 5. Nc3 a6 6. Be3 e5 7. Nb3 Be7 8. h3 Be6 9. f4 exf4 10. Bxf4 O-O 11. Qe2 Nc6 12. O-O-O Qc7 13. Kb1 Ne5 14. g4 g6 15. Nd5 Bxd5 16. exd5 Rac8 17. Qd2 Nfd7 18. h4 Bf6 19. h5 g5 20. Be3 h6 21. Bd3 Nxd3 22. Qxd3 Ne5 23. Qf5 Bg7 24. Bxg5 hxg5 25. h6 Bh8 26. h7+ Kg7 27. Qxg5+ Ng6 28. Nd4 f6 29. Qf5 Kf7 30. Ne6 Qc4 31. Ng5+ 1-0


[Site "https://www.chess.com"]

[Event "Titled Tuesday Blitz June 14 Late 2022"]
[White "Tatarinov, Dmitry"]
[Black "Tymrakiewicz, Rafal"]
[WhiteFideId "24160067"]
[BlackFideId "1108832"]
[WhiteElo "2302"]
[BlackElo "2205"]
[Result "0-1"]
[Round "06"]
[TimeControl "180+1"]
[Date "2022.06.15"]
[WhiteClock "0:00:05"]
[BlackClock "0:00:22"]

1. g3 e5 2. Bg2 Nc6 3. d3 g6 4. c3 Bg7 5. Nd2 f5 6. Ngf3 Nf6 7. O-O d6 8. e4 fxe4 9. dxe4 O-O 10. h3 Bh6 11. Qe2 Be6 12. Nc4 Bxc1 13. Raxc1 Qd7 14. Ng5 Nh5 15. Nxe6 Qxe6 16. b3 Rf7 17. Ne3 Raf8 18. Nd5 a6 19. Rcd1 Ng7 20. Rd3 Qc8 21. h4 Ne6 22. Rf3 Nc5 23. Rxf7 Rxf7 24. b4 Ne6 25. Bh3 Qe8 26. Kg2 Kg7 27. Qe3 h6 28. h5 Nf8 29. hxg6 Nxg6 30. Bf5 Qd8 31. Rh1 Qg5 32. Qd3 Nce7 33. Nxe7 Nf4+ 34. Kf1 Nxd3 35. Nd5 Qd2 36. Rh2 Qe1+ 37. Kg2 Qxf2+ 38. Kh3 Qf1+ 39. Kg4 Nf2+ 40. Kh4 Rxf5 41. exf5 Ne4 42. Ne3 Qf3 43. f6+ Kg6 0-1


[Site "https://www.chess.com"]

[Event "Titled Tuesday Blitz June 14 Late 2022"]
[White "Terry, Renato"]
[Black "Gurevich, Dmitry"]
[WhiteFideId "3803457"]
[BlackFideId "2000407"]
[WhiteElo "2577"]
[BlackElo "2506"]
[Result "1-0"]
[Round "06"]
[TimeControl "180+1"]
[Date "2022.06.14"]
[WhiteClock "0:00:02"]
[BlackClock "0:00:02"]

1. d4 Nf6 2. Bg5 c5 3. Bxf6 gxf6 4. d5 d6 5. c4 Bg7 6. Nc3 a6 7. a4 Qa5 8. Qc2 Nd7 9. e3 Qb4 10. a5 b5 11. cxb5 axb5 12. Bxb5 Rxa5 13. Rxa5 Qxa5 14. Ne2 O-O 15. O-O Nb6 16. Ng3 f5 17. Nxf5 Bxf5 18. Qxf5 Bxc3 19. Bd3 Ra8 20. Qxh7+ Kf8 21. bxc3 Qxc3 22. Be4 Ra1 23. g4 Rxf1+ 24. Kxf1 Nc4 25. Kg2 Nd2 26. Qh6+ Ke8 27. Bf5 Qe5 28. f3 Kd8 29. Qf8+ Kc7 30. Qc8+ Kb6 31. Qb8+ Ka5 32. Qa8+ Kb4 33. Qb7+ Kc3 34. Qa6 Qxe3 35. Qa1+ Kb4 36. Qb2+ Nb3 37. h4 c4 38. h5 c3 39. Qf2 Qd2 40. Qxd2 cxd2 41. Bc2 Nd4 42. Bd1 1-0


[Site "https://www.chess.com"]

[Event "Titled Tuesday Blitz June 14 Late 2022"]
[White "Tica, Sven"]
[Black "Girsh, Daniel"]
[WhiteFideId "14526948"]
[BlackFideId "30949190"]
[WhiteElo "2346"]
[BlackElo "2506"]
[Result "1/2-1/2"]
[Round "06"]
[TimeControl "180+1"]
[Date "2022.06.15"]
[WhiteClock "0:00:09"]
[BlackClock "0:00:03"]

1. d4 Nf6 2. Nc3 d5 3. Bf4 e6 4. e3 Bb4 5. Ne2 O-O 6. a3 Bd6 7. f3 b6 8. Bxd6 Qxd6 9. Nf4 c5 10. dxc5 bxc5 11. Be2 Ba6 12. O-O Bxe2 13. Qxe2 e5 14. Nfxd5 Nxd5 15. Qd2 Rd8 16. Rad1 Nc6 17. Nxd5 Nd4 18. c4 Nc6 19. Qc2 Qh6 20. Rfe1 Rab8 21. Re2 Rb7 22. Qe4 Rbd7 23. Red2 Qe6 24. h3 f5 25. Qh4 h6 26. Qh5 Kh7 27. Kh2 g6 28. Nf6+ Qxf6 29. Rxd7+ Rxd7 30. Rxd7+ Ne7 31. Rd6 Qxd6 32. Qh4 g5 33. Qe1 e4+ 34. Kg1 Qd3 35. Qa5 Qxe3+ 36. Kh2 Qf4+ 37. Kg1 Ng6 38. Qxa7+ Kg8 39. Qa8+ Nf8 40. Qd5+ Kg7 41. fxe4 Qc1+ 42. Kh2 Qf4+ 43. Kg1 Qxe4 44. Qxc5 Qe1+ 45. Kh2 f4 46. Qc7+ Kg6 47. Qd6+ Ne6 48. Qd3+ Kf6 49. b4 Qe3 50. Qh7 Qf2 51. Qxh6+ Ke5 52. Qh8+ Ke4 53. Qh7+ Ke3 54. Qb1 Qg3+ 55. Kh1 Nd4 56. Qc1+ Ke4 57. c5 f3 58. Qf1 f2 59. c6 Qe3 60. g4 Qe1 61. Kg2 Ne2 62. Qxf2 Nf4+ 63. Kg3 Ne2+ 64. Kg2 Nf4+ 65. Kg3 Ne2+ 66. Kg2 1/2-1/2


[Site "https://www.chess.com"]

[Event "Titled Tuesday Blitz June 14 Late 2022"]
[White "Trakru, Rohun"]
[Black "Bryakin, Mikhail"]
[WhiteFideId "2097613"]
[BlackFideId "4165314"]
[WhiteElo "1746"]
[BlackElo "2417"]
[Result "0-1"]
[Round "06"]
[TimeControl "180+1"]
[Date "2022.06.14"]
[WhiteClock "0:00:02"]
[BlackClock "0:00:19"]

1. e4 c5 2. Nc3 Nc6 3. Bb5 Nd4 4. Nf3 Nxb5 5. Nxb5 d6 6. d4 cxd4 7. Qxd4 a6 8. Nc3 Nf6 9. Bg5 h6 10. Bxf6 gxf6 11. O-O-O e6 12. Na4 b5 13. Nb6 Rb8 14. Nxc8 Rxc8 15. Kb1 Be7 16. g3 Qc7 17. c3 Qc5 18. h4 h5 19. Ne1 Qxd4 20. cxd4 Kd7 21. Nd3 Rc4 22. Nf4 Bf8 23. b3 Rc3 24. Rd3 Rc8 25. d5 e5 26. Ne2 Bh6 27. Kb2 Ke7 28. Rhd1 f5 29. exf5 Kf6 30. Nc3 Kxf5 31. Rf3+ Kg6 32. Ne4 Bg7 33. Kb1 Rhd8 34. Ng5 f5 35. Ne6 Rg8 36. Rfd3 Bh6 37. Kb2 Kf6 38. Rc3 b4 39. Rc4 a5 40. a3 bxa3+ 41. Kxa3 Rxc4 42. bxc4 Rc8 43. Kb3 a4+ 44. Kb4 a3 45. c5 a2 46. Ra1 dxc5+ 47. Kc4 Ra8 48. Nxc5 e4 49. Nb3 Ke5 50. Rd1 Kd6 51. Na1 Bg7 52. Nc2 a1=Q 53. Nxa1 Rxa1 0-1


[Site "https://www.chess.com"]

[Event "Titled Tuesday Blitz June 14 Late 2022"]
[White "Vasquez Schroeder, Rodrigo"]
[Black "Svane, Rasmus"]
[WhiteFideId "3400042"]
[BlackFideId "4657101"]
[WhiteElo "2567"]
[BlackElo "2674"]
[Result "0-1"]
[Round "06"]
[TimeControl "180+1"]
[Date "2022.06.14"]
[WhiteClock "0:00:32"]
[BlackClock "0:00:10"]

1. e4 c6 2. d4 d5 3. exd5 cxd5 4. Bd3 Nc6 5. c3 Nf6 6. h3 g6 7. Nf3 Qc7 8. Qc2 Nh5 9. O-O Nf4 10. Bxf4 Qxf4 11. Re1 Bg7 12. Nbd2 O-O 13. Bb5 Qd6 14. Re2 Bd7 15. Rae1 e6 16. Qb1 a6 17. Bd3 Rfe8 18. Nb3 b6 19. Qc1 Na5 20. Nxa5 bxa5 21. Ne5 Bb5 22. Qd2 Rab8 23. Bxb5 axb5 24. Nd3 b4 25. Nc5 bxc3 26. bxc3 Rb6 27. Nd3 Reb8 28. Qc2 Qc6 29. f4 a4 30. Nc5 a3 31. Qc1 Rb2 32. Qe3 Qb5 33. Nd3 Rxe2 34. Rxe2 Qc4 35. Ne5 Bxe5 36. Qxe5 Rb1+ 37. Kh2 Qc8 38. Qd6 Qb8 39. Qxb8+ Rxb8 40. Kg3 Kg7 41. Kf3 Kf6 42. g4 Rb1 43. g5+ Ke7 44. Ke3 Rh1 45. Rf2 Rxh3+ 46. Kd2 Kd6 47. Kc2 Kc6 48. Kb3 Kb5 49. Re2 h6 50. gxh6 Rxh6 51. Re3 Rh2 52. Rf3 Rg2 53. Rf1 Re2 54. Rf3 Re4 55. Rf1 f6 56. Rg1 Rxf4 57. Rxg6 e5 58. dxe5 fxe5 59. Re6 e4 60. Re8 Rf3 61. Rb8+ Kc5 62. Rc8+ Kd6 63. Kxa3 Kd7 64. Rc5 Ke6 65. Kb2 Rf2+ 66. Kb3 e3 67. Rc8 Kd7 68. Rc5 e2 69. Rxd5+ Ke6 70. Rd8 Ke7 0-1


[Site "https://www.chess.com"]

[Event "Titled Tuesday Blitz June 14 Late 2022"]
[White "Voege, Tobias"]
[Black "Rosen, Eric"]
[WhiteFideId "1270513"]
[BlackFideId "2032562"]
[WhiteElo "2379"]
[BlackElo "2362"]
[Result "1/2-1/2"]
[Round "06"]
[TimeControl "180+1"]
[Date "2022.06.14"]
[WhiteClock "0:00:27"]
[BlackClock "0:00:09"]

1. d4 d5 2. c4 e6 3. Nc3 Nf6 4. Bg5 Be7 5. e3 O-O 6. cxd5 exd5 7. Bd3 c6 8. Nge2 Re8 9. Qc2 Nbd7 10. O-O Nf8 11. Rab1 Ng6 12. b4 a6 13. Na4 Bd6 14. Ng3 h6 15. Bxg6 hxg5 16. Bd3 Be6 17. Nc5 Qe7 18. Nf5 Bxf5 19. Bxf5 g6 20. Bxg6 fxg6 21. Qxg6+ Qg7 22. Qxg7+ Kxg7 23. Nxb7 Ne4 24. f3 Rab8 25. fxe4 Rxb7 26. e5 Bxb4 27. a3 a5 28. axb4 axb4 29. Rfc1 Rb6 30. Kf2 Ra8 31. Rb2 Kg6 32. Rcb1 Rab8 33. Kf3 Kf5 34. g4+ Ke6 35. e4 R6b7 36. Rc1 Rb6 37. Rbc2 b3 38. Rxc6+ Rxc6 39. Rxc6+ Kd7 40. Rc1 b2 41. Rb1 Rb3+ 42. Ke2 dxe4 43. d5 Rh3 44. Kf2 Rd3 45. Rxb2 Rxd5 46. Ke3 Rxe5 47. Kd4 Re6 48. Re2 Rf6 49. h3 Ke6 50. Rxe4+ Kf7 51. Ke3 Kg6 52. Ra4 Rf1 53. Ra6+ Kg7 54. Ke4 Rf4+ 55. Ke5 Rf3 56. Ra7+ Kg6 57. Ra6+ Kg7 58. Rb6 Rxh3 59. Kf5 Rc3 60. Kxg5 Rc5+ 61. Kh4 Ra5 62. g5 Ra1 63. Rb7+ Kg6 64. Rb6+ Kg7 65. Rb7+ Kg6 66. Rb6+ Kh7 67. Rb4 Rh1+ 68. Kg4 Kg6 69. Rb6+ Kg7 70. Rb3 Rg1+ 71. Kf4 Rf1+ 72. Rf3 Rg1 73. Kf5 Rb1 74. Re3 Rb5+ 75. Re5 Rxe5+ 76. Kxe5 Kg6 77. Kf4 Kg7 78. Kf5 Kf7 79. g6+ Kg7 80. Kg5 Kg8 81. Kh5 Kg7 82. Kg5 Kg8 83. Kf6 Kf8 84. Ke6 Kg7 85. Kf5 Kg8 86. Kf6 Kf8 87. g7+ Kg8 88. Kg5 Kxg7 1/2-1/2


[Site "https://www.chess.com"]

[Event "Titled Tuesday Blitz June 14 Late 2022"]
[White "Xiong, Jeffery"]
[Black "Kollars, Dmitrij"]
[WhiteFideId "2047640"]
[BlackFideId "12909572"]
[WhiteElo "2714"]
[BlackElo "2584"]
[Result "1-0"]
[Round "06"]
[TimeControl "180+1"]
[Date "2022.06.14"]
[WhiteClock "0:00:06"]
[BlackClock "0:00:03"]

1. d4 Nf6 2. Nf3 d5 3. Bf4 c5 4. e3 Nc6 5. Nbd2 Bg4 6. c3 e6 7. Qb3 Qc8 8. h3 Bh5 9. Nh4 Be7 10. g4 Bg6 11. Nxg6 hxg6 12. Be2 cxd4 13. exd4 Qd7 14. Kf1 Bd6 15. Be3 Rc8 16. Kg2 a6 17. a4 Na5 18. Qc2 Qc6 19. h4 Nc4 20. Nxc4 dxc4+ 21. Bf3 Nd5 22. Rae1 Kd7 23. Bd2 Kc7 24. h5 gxh5 25. Rxh5 g6 26. Rhh1 Kb8 27. Qd1 Bf4 28. Qc1 Qd6 29. Bxd5 Qxd5+ 30. f3 Bc7 31. Bf4 Qc6 32. Bxc7+ Qxc7 33. Qg5 Ka8 34. a5 Qd7 35. Qe5 Rxh1 36. Rxh1 Qa4 37. Rh7 Qc2+ 38. Kg3 Qxb2 39. Rxf7 Qxc3 40. Qxe6 Rb8 41. Qd5 Qe1+ 42. Kf4 Qd2+ 43. Kg3 Qe1+ 44. Kf4 Qd2+ 45. Kg3 c3 46. Rf6 Qe1+ 47. Kf4 Qd2+ 48. Kg3 Qe1+ 49. Kf4 Qe2 50. Re6 Qd3 51. Qc5 c2 52. Kg3 Qf1 53. Qxc2 Qg1+ 54. Qg2 Qxd4 55. Qf2 Qd5 56. Qb6 Qc4 57. Rxg6 Qf1 58. Rg7 Qe1+ 59. Kg2 Qd2+ 60. Kg3 Qe1+ 61. Kg2 Qd2+ 62. Qf2 Qxa5 63. Qb2 Qd5 64. Re7 Qd6 65. Re5 Rd8 66. Qe2 Qb4 67. Re8 Rxe8 68. Qxe8+ Ka7 69. Qe3+ Ka8 70. g5 Qb2+ 71. Kg3 Qg7 72. f4 a5 73. Qe5 1-0


[Site "https://www.chess.com"]

[Event "Titled Tuesday Blitz June 14 Late 2022"]
[White "Yaksin, Oleg"]
[Black "Yoo, Christopher Woojin"]
[WhiteFideId "24105880"]
[BlackFideId "30909694"]
[WhiteElo "2256"]
[BlackElo "2105"]
[Result "0-1"]
[Round "06"]
[TimeControl "180+1"]
[Date "2022.06.14"]
[WhiteClock "0:00:29"]
[BlackClock "0:01:08"]

1. d4 Nf6 2. c4 e6 3. g3 d5 4. Nf3 Be7 5. Bg2 O-O 6. O-O dxc4 7. Qc2 b5 8. Ne5 Nd5 9. a4 b4 10. Nxc4 c5 11. e4 Nb6 12. d5 Nxc4 13. Qxc4 Ba6 14. Qc2 Bxf1 15. Kxf1 exd5 16. exd5 Nd7 17. a5 Nf6 18. Qc4 Bd6 19. Be3 Rc8 20. Nd2 Be5 21. Ra2 Ne8 22. b3 Nd6 23. Qa6 Qd7 24. Rc2 Bc3 25. Ne4 Nxe4 26. Bxe4 Rfe8 27. Bf3 c4 28. bxc4 Qf5 29. d6 Qxf3 30. d7 Qd1+ 31. Kg2 Qxd7 0-1


[Site "https://www.chess.com"]

[Event "Titled Tuesday Blitz June 14 Late 2022"]
[White "Yuan, Qingyu"]
[Black "Bayo Milagro, Alvaro"]
[WhiteFideId "8609772"]
[BlackFideId "22275240"]
[WhiteElo "2359"]
[BlackElo "2270"]
[Result "1-0"]
[Round "06"]
[TimeControl "180+1"]
[Date "2022.06.14"]
[WhiteClock "0:00:06"]
[BlackClock "0:00:12"]

1. e4 e5 2. Nf3 Nc6 3. Bc4 Nf6 4. d3 Bc5 5. Bg5 h6 6. Bh4 Be7 7. Bg3 d6 8. a4 a5 9. h3 O-O 10. O-O Be6 11. Bxe6 fxe6 12. Re1 Qe8 13. c3 Nh5 14. Bh2 Nf4 15. d4 Qg6 16. Bxf4 Rxf4 17. dxe5 dxe5 18. Nbd2 Raf8 19. Qe2 Bc5 20. Rad1 Kh7 21. Kh1 Qh5 22. Kh2 Ne7 23. Nb3 Bb6 24. Rd3 Ng6 25. Nbd2 R8f7 26. g3 R4f6 27. Kg2 Rf4 28. Nf1 R4f6 29. N1h2 Rf8 30. Ng4 R6f7 31. Rf1 Rf4 32. Re1 Rxg4 33. hxg4 Qxg4 34. Kh1 Rf4 35. Nh2 Qxe2 36. Rxe2 Rxf2 37. Rxf2 Bxf2 38. Ng4 Bc5 39. Rd7 Bd6 40. Nf6+ Kh8 41. Rd8+ Nf8 42. Nd7 Kg8 43. Rc8 c6 44. Nxf8 Bxf8 45. Rb8 b5 46. axb5 1-0


[Site "https://www.chess.com"]

[Event "Titled Tuesday Blitz June 14 Late 2022"]
[White "Yurovskykh, Oleksandr"]
[Black "Daggupati, Balaji"]
[WhiteFideId "14134020"]
[BlackFideId "2090759"]
[WhiteElo "2292"]
[BlackElo "2704"]
[Result "1-0"]
[Round "06"]
[TimeControl "180+1"]
[Date "2022.06.14"]
[WhiteClock "0:00:21"]
[BlackClock "0:00:09"]

1. d4 d5 2. Bf4 c5 3. e3 Nc6 4. c3 Qb6 5. Qb3 c4 6. Qc2 e5 7. Bxe5 Bf5 8. Qc1 Nxe5 9. dxe5 Ne7 10. Nf3 Ng6 11. Nbd2 Bc5 12. Nd4 Bd7 13. N2f3 O-O 14. Be2 Rfe8 15. O-O Nxe5 16. Nxe5 Rxe5 17. Bf3 Qf6 18. Ne2 Rae8 19. Qd1 Bc6 20. Nd4 Qg6 21. b3 cxb3 22. axb3 Bb6 23. c4 dxc4 24. Nxc6 bxc6 25. bxc4 Rd8 26. Qb1 Qe6 27. Qc2 Rc5 28. Rac1 g6 29. g3 h5 30. h4 Re5 31. Kg2 Rf5 32. Rfd1 Qf6 33. Rxd8+ Bxd8 34. Qe4 Rc5 35. Rd1 Bb6 36. Rd7 Kg7 37. Rb7 Qf5 38. Qe8 Re5 39. Rxf7+ Qxf7 40. Qxe5+ Kh7 41. Bxc6 Qxc4 42. Be4 Qc7 43. Qe6 Qg7 44. Qd5 Kh6 45. Qg5+ Kh7 46. Qxh5+ Kg8 47. Qxg6 Qxg6 48. Bxg6 a5 49. Bc2 Kf7 50. Kf3 Kf6 51. Ke4 Ke6 52. g4 Bd8 53. g5 Kd6 54. f4 Ke6 55. h5 Kd6 56. h6 Ke6 57. h7 1-0


[Site "https://www.chess.com"]

[Event "Titled Tuesday Blitz June 14 Late 2022"]
[White "Zhigalko, Sergei"]
[Black "Luo, Terry"]
[WhiteFideId "13502956"]
[BlackFideId "30931045"]
[WhiteElo "2662"]
[BlackElo "2024"]
[Result "1-0"]
[Round "06"]
[TimeControl "180+1"]
[Date "2022.06.14"]
[WhiteClock "0:01:23"]
[BlackClock "0:01:53"]

1. e4 c5 2. Nf3 d6 3. d4 cxd4 4. Qxd4 a6 5. Bc4 Nc6 6. Qd3 Nf6 7. Nc3 Bg4 8. Bb3 e6 9. Bf4 Be7 10. O-O-O O-O 11. Bxd6 Bxd6 12. Qxd6 Qxd6 13. Rxd6 Bxf3 14. gxf3 Nh5 15. Ne2 Rfd8 16. Rhd1 Rxd6 17. Rxd6 Rd8 18. Rxd8+ Nxd8 19. f4 Kf8 20. Kd2 Ke7 21. Ke3 Nc6 22. c3 Nf6 23. h3 Nd7 24. Bc2 a5 25. Ba4 Nc5 26. Bxc6 bxc6 27. Nd4 Kd6 28. b3 f6 29. e5+ fxe5 30. fxe5+ Kc7 31. b4 1-0


[Site "https://www.chess.com"]

[Event "Titled Tuesday Blitz June 14 Late 2022"]
[White "Zhurbinsky, David"]
[Black "Harsh Suresh"]
[WhiteFideId "2072904"]
[BlackFideId "45018464"]
[WhiteElo "2558"]
[BlackElo "2059"]
[Result "1-0"]
[Round "06"]
[TimeControl "180+1"]
[Date "2022.06.14"]
[WhiteClock "0:00:06"]
[BlackClock "0:00:08"]

1. e4 c5 2. Nf3 d6 3. d4 cxd4 4. Nxd4 Nf6 5. f3 e5 6. Nb3 Be6 7. c4 Be7 8. Nc3 O-O 9. Be3 Nc6 10. Be2 a5 11. O-O a4 12. Nd2 Qa5 13. Rc1 Rfc8 14. Nb5 Ne8 15. f4 exf4 16. Bxf4 Ne5 17. Be3 Nf6 18. h3 Nfd7 19. Qe1 Nc5 20. Qg3 Kh8 21. Rc3 Nxc4 22. Bxc4 Bxc4 23. Rxc4 Qxb5 24. Rxf7 Bf6 25. Qxd6 b6 26. Rxf6 Rd8 27. Qxb6 Qxb6 28. Rxb6 Nd7 29. Rb7 Ne5 30. Rcc7 a3 31. Rxg7 axb2 32. Rxh7+ Kg8 33. Rbg7+ Kf8 34. Bc5+ Ke8 35. Re7+ Kf8 36. Ref7+ Kg8 37. Rfg7# 1-0


[Site "https://www.chess.com"]